 Dungeon Crawl Stone Soup version 0.28.0-53-g5a82cb258f (console) character file.

Game seed: 4094008700867414761

244 DuloT34 the Ruffian (level 6, -1/52 HPs)
             Began as a Ghoul Monk on June 4, 2022.
             Slain by a hobgoblin
             ... wielding a +0 long sword
              (9 damage)
             ... on level 4 of the Dungeon on June 5, 2022.
             The game lasted 00:22:31 (3781 turns).

DuloT34 the Ruffian (Ghoul Monk)                    Turns: 3781, Time: 00:22:31

Health: -1/52      AC:  2    Str: 17    XL:     6   Next: 10%
Magic:  5/5        EV: 17    Int:  5    God:
Gold:   149        SH:  0    Dex: 11    Spells: 5/5 levels left

rFire   . . .      SeeInvis .     - Unarmed
rCold   + . .      Faith    .   (no shield)
rNeg    + + +      Spirit   .   a - +0 robe
rPois   ∞          Reflect  .   (no helmet)
rElec   .          Harm     .   (no cloak)
rCorr   .          Rampage  .   (no gloves)
Will    .....                   (no boots)
Stlth   ++........              (no amulet)
HPRegen 0.00/turn               d - +4 ring of evasion
MPRegen 0.09/turn               (no ring)

@: inhibited regen
A: claws 1, cold resistance 1, negative energy resistance 3, inhibited
regeneration, torment resistance 2
a: no special abilities


You were on level 4 of the Dungeon.
You visited 1 branch of the dungeon, and saw 4 of its levels.

You collected 149 gold pieces.

Inventory:

Missiles
 b - 4 silver javelins (quivered)
Armour
 a - a +0 robe (worn)
Jewellery
 d - a +4 ring of evasion (left claw)
Potions
 c - 2 potions of mutation
 e - a potion of might
 g - a potion of cancellation
 h - a potion of resistance {unknown}


   Skills:
 - Level 3.6 Fighting
 + Level 4.4 Dodging
 - Level 2.5 Stealth
 + Level 5.5 Unarmed Combat


You had 5 spell levels left.
You didn't know any spells.
Your spell library contained the following spells:

 Spells                   Type           Power      Damage    Failure   Level
 Shock                    Conj/Air       0%         1d3       47%         1
 Swiftness                Air            0%         N/A       85%         3
 Airstrike                Air            0%         N/A       99%         4


Dungeon Overview and Level Annotations

Branches:
Dungeon (4/15)
 Temple: D:4-7

Altars:

Shops:
D:2 =


Innate Abilities, Weirdness & Mutations

You thrive by killing the living.
You are immune to poison.
You have sharp fingernails.
Your flesh is cold resistant. (rC+)
You are immune to negative energy. (rN+++)
You do not regenerate when monsters are visible.
You are immune to unholy pain and torment.


Message History

Something hits you.
You hear some strange, mumbled words.
Something tries to affect you, but you resist.
There is a strange disturbance nearby!
Something hits you.
You claw something!
Reactivating autopickup.
You feel a bit more experienced.
The hobgoblin zaps a wand.
You resist with some effort.
You have reached level 6!
You start resting.
A hobgoblin is nearby!
You scratch the hobgoblin but do no damage.
The hobgoblin hits you with a +0 long sword!
You are too injured to fight recklessly!
You are too injured to fight recklessly!
You are too injured to fight recklessly!
You are too injured to fight recklessly!
You are too injured to fight recklessly!
You barely miss the hobgoblin.
The hobgoblin hits you with a +0 long sword.
You barely miss the hobgoblin. Your claw misses the hobgoblin.
The hobgoblin zaps a wand.
You suddenly lose the ability to move!
The hobgoblin zaps a wand.
You shrug off the repeated paralysis!
The now-empty wand crumbles to dust.
The hobgoblin hits you with a +0 long sword!
* * * LOW HITPOINT WARNING * * *
The hobgoblin hits you with a +0 long sword.
* * * LOW HITPOINT WARNING * * *
The hobgoblin hits you but does no damage.
The hobgoblin hits you with a +0 long sword.
* * * LOW HITPOINT WARNING * * *
The hobgoblin hits you with a +0 long sword.
* * * LOW HITPOINT WARNING * * *
You can move again.
You closely miss the hobgoblin. The hobgoblin completely misses you.
You barely miss the hobgoblin. The hobgoblin barely misses you.
You barely miss the hobgoblin.
The hobgoblin hits you with a +0 long sword!
You die...

#############
#............
###.###########
#<....#
######.###.#
#.g@...# #.#
#.####.###.#
......)#>#
#.....# ...)..#
#.########
##...# ## #....
#... #.# #.


You could see a hobgoblin.

Vanquished Creatures
  A centaur skeleton (D:4)
  A bullfrog skeleton (D:3)
  Natasha (thrice) (D:2)
  An orc wizard (D:4)
  An adder (D:3)
  3 worms
  3 dart slugs
  3 orcs
  3 ball pythons
  7 endoplasms
  4 giant cockroaches
  11 goblins
  3 hobgoblins
  8 kobolds
  9 bats (D:1)
  2 frilled lizards
  5 rats
  A spectral hobgoblin (D:1)
69 creatures vanquished.

Vanquished Creatures (others)
  12 plants (D:3)
12 creatures vanquished.

Grand Total: 81 creatures vanquished

Notes
Turn   | Place    | Note
-------+----------+-------------------------------------------
     0 | D:1      | DuloT34 the Ghoul Monk began the quest for the Orb.
     0 | D:1      | Reached XP level 1. HP: 19/19 MP: 0/0
   249 | D:1      | Reached XP level 2. HP: 26/26 MP: 1/1
   985 | D:1      | Reached XP level 3. HP: 31/31 MP: 2/2
  1089 | D:1      | Found a faded altar of an unknown god.
  1200 | D:1      | Reached skill level 4 in Unarmed Combat
  1768 | D:2      | Found Cool's One-of-a-Kind Rings.
  1842 | D:2      | Reached XP level 4. HP: 40/40 MP: 3/3
  1845 | D:2      | Noticed Natasha
  1859 | D:2      | Killed Natasha
  1952 | D:2      | Noticed Natasha
  1963 | D:2      | Killed Natasha
  2237 | D:2      | Noticed Natasha
  2246 | D:2      | Killed Natasha
  2247 | D:2      | Reached XP level 5. HP: 34/46 MP: 4/4
  2566 | D:3      | Reached skill level 5 in Unarmed Combat
  3765 | D:4      | Reached XP level 6. HP: 35/52 MP: 5/5
  3772 | D:4      | Paralysed by a hobgoblin for 6 turns
  3781 | D:4      | Slain by a hobgoblin

Illustrated notes

Levels and vault maps discovered:
D:1:      psy_arrival_radial02, layout_basic,
          dreamdust_ecumenical_altar_drowned_temple, grunt_decor_cap
D:2:      layout_basic, nicolae_shop_unique_rings, uniq_natasha
D:3:      wad_lake_hut, layout_basic
D:4:      layout_loops_ring, mainiacjoe_overflow_boulevard, serial_shops,
          nicolae_shop_window_shopping, nicolae_shop_overcharged_wands,
          uniq_ijyb, uniq_duvessa, uniq_pikel

Skill      XL: |  1  2  3  4  5 |
---------------+----------------+-----
Dodging        | 3 4 |  4.4
Unarmed Combat | 4 5 |  5.5
Fighting       | |  3.6
Stealth        | |  2.5

Action                   |  1- 3 |  4- 6 || total
-------------------------+-------+-------++-------
Melee: Unarmed           |   132 |    89 ||   221
       Punch             |     1 |     3 ||     4
Throw: Javelin           |     2 |       ||     2
  Use: Scroll            |     3 |     4 ||     7
       Potion            |     1 |       ||     1
 Stab: Sleeping          |    10 |     6 ||    16
Armor: Robe              |    31 |     7 ||    38
Dodge: Dodged            |    86 |    46 ||   132
